AoeStats
← Shredded_Pork

African Clearing

506795902Analyzed
4v4 RM · 17d ago on Sep 15, 2026· 67m 10s· 8 players
Game mode
Random Map
Map size
Large (8 player)
Population
200
Speed
Normal
Resources
Standard
Victory
Conquest
Starting age
Dark Age
Ending age
Imperial Age
RankedLock teamsTeams togetherTeam positionsShared explorationLock speedFull tech treeHidden civsTurbo modeCheats
Victory
Defeat
🇨🇦 Goths · Canada
836
+19
🇺🇸 Romans · United States
793
+20
🇨🇳 Hindustanis · China
724
+23
🇬🇧 Berbers · United Kingdom
641
+26
🇹🇷 Huns · Türkiye
942
-24
🇩🇪 Khmer · Germany
908
-23
🇹🇼 Teutons · Taiwan
852
-21
🇨🇳 Burgundians · China
829
-20
DaRealTurbo
10:30 Loom
23:46 Feudal Age
23:54 Man-at-Arms
25:53 Double-Bit Axe
28:58 Horse Collar
31:11 Scale Mail Armor
33:03 Forging
33:34 Wheelbarrow
36:14 Castle Age
36:22 Long Swordsman
37:20 Chain Mail Armor
36:29 Pikeman
37:30 Hand Cart
38:10 Town Watch
38:33 Squires
46:05 Iron Casting
55:17 Bow Saw
58:02 Town Patrol
62:11 Imperial Age
60:04 Ballistics
60:27 Caravan
62:47 Legionary
62:49 Halberdier
63:44 Siege Engineers
64:40 Chemistry
Black@Star
4:13 Loom
15:49 Feudal Age
16:14 Man-at-Arms
31:39 Castle Age
30:21 Forging
30:12 Scale Mail Armor
31:57 Pikeman
31:58 Long Swordsman
32:38 Squires
33:40 Double-Bit Axe
34:58 Iron Casting
34:11 Horse Collar
35:22 Squires
36:40 Heavy Plow
45:36 Town Watch
52:02 Light Cavalry
52:53 Bloodlines
53:37 Gold Mining
53:39 Stone Mining
54:59 Scale Barding Armor
55:31 Iron Casting
56:43 Wheelbarrow
59:34 Imperial Age
58:53 Husbandry
59:50 Hussar
60:43 Halberdier
62:43 Perfusion
63:20 Conscription
64:14 Blast Furnace
63:30 Chain Mail Armor
63:42 Hand Cart
64:46 Chemistry
65:45 Anarchy
Executioner's Bong
5:31 Loom
15:02 Feudal Age
15:52 Double-Bit Axe
24:42 Stone Mining
26:56 Castle Age
24:50 Gold Mining
24:42 Horse Collar
25:31 Forging
26:56 Fletching
28:05 Bodkin Arrow
29:20 Scale Barding Armor
34:27 Iron Casting
36:16 Kasbah
37:52 Wheelbarrow
37:51 Guard Tower
39:36 Chain Barding Armor
39:02 Treadmill Crane
40:29 Bloodlines
40:59 Husbandry
42:33 Gold Shaft Mining
43:17 Hand Cart
45:03 Ballistics
44:54 Masonry
56:02 Town Watch
59:00 Heavy Plow
60:36 Bow Saw
69:06 Imperial Age
Shredded_Pork
13:48 Feudal Age
14:28 Double-Bit Axe
16:59 Horse Collar
24:19 Castle Age
25:52 Bow Saw
25:46 Heavy Plow
26:21 Stone Mining
26:21 Gold Mining
33:28 Husbandry
33:38 Bloodlines
38:19 Imperial Age
37:26 Stone Shaft Mining
37:26 Gold Shaft Mining
38:08 Scale Barding Armor
38:15 Forging
39:11 Wheelbarrow
41:49 Grand Trunk Road
42:10 Conscription
41:51 Shatagni
45:59 Heavy Camel Rider
48:58 Hand Cart
49:50 Two-Man Saw
49:05 Caravan
49:00 Imperial Camel Rider
50:20 Chain Barding Armor
50:36 Iron Casting
51:38 Gold Shaft Mining
51:56 Plate Barding Armor
53:09 Chemistry
52:29 Ballistics
56:17 Scale Mail Armor
57:17 Blast Furnace
schmidmaseb
15:04 Feudal Age
17:50 Castle Age
18:47 Loom
35:39 Bloodlines
37:03 Husbandry
38:36 Wheelbarrow
39:50 Double-Bit Axe
41:17 Scale Barding Armor
42:24 Chain Barding Armor
42:24 Hand Cart
42:42 Forging
45:14 Iron Casting
51:10 Bow Saw
50:49 Horse Collar
51:14 Gold Mining
54:43 Imperial Age
54:52 Elite Battle Elephant
56:11 Plate Barding Armor
56:05 Heavy Plow
58:59 Blast Furnace
精神老头
4:39 Loom
14:59 Feudal Age
19:26 Castle Age
17:48 Double-Bit Axe
21:57 Cavalier
22:38 Husbandry
25:40 Gold Mining
26:37 Forging
29:42 Stone Mining
30:27 Gold Shaft Mining
34:32 Iron Casting
34:03 Scale Barding Armor
39:58 Pikeman
41:11 Squires
40:57 Arson
51:45 Horse Collar
57:13 Chain Barding Armor
56:54 Scale Mail Armor
59:23 Bow Saw
59:37 Town Watch
enverlife
14:22 Feudal Age
14:47 Horse Collar
20:15 Loom
25:56 Castle Age
24:47 Double-Bit Axe
27:17 Heavy Plow
27:31 Bow Saw
27:41 Scale Barding Armor
28:14 Pikeman
28:54 Squires
42:56 Imperial Age
41:22 Wheelbarrow
40:33 Loom
41:58 Chain Barding Armor
41:40 Scale Mail Armor
44:53 Plate Barding Armor
46:25 Husbandry
49:05 Forging
49:10 Chain Mail Armor
48:46 Fletching
48:57 Padded Archer Armor
48:42 Cavalier
50:11 Hand Cart
51:00 Ballistics
51:36 Iron Casting
54:24 Light Cavalry
55:14 Bloodlines
59:14 Hand Cart
認真玩世紀
11:28 Loom
13:44 Feudal Age
19:51 Castle Age
24:14 Forging
27:37 Bloodlines
32:18 Fletching
35:59 Horse Collar
38:05 Redemption
41:32 Iron Casting
40:57 Scale Mail Armor
45:44 Imperial Age
Connection lost

Rejoining the realm…

Still unreachable

The connection could not be restored.

Session expired

The server has moved on; the page needs a fresh start.